 Dungeon Crawl Stone Soup version 0.24.0-13-gcf9b319 (webtiles) character file.

Game seed: 8462776725949711594, levelgen mode: deterministic

189 Bronimir the Slasher (level 5, -2/42 HPs)
             Began as a Centaur Warper on Mar 31, 2020.
             Was an Initiate of Kikubaaqudgha.
             Slain by a centaur (5 damage)
             ... on level 6 of the Dungeon.
             The game lasted 00:03:54 (2635 turns).

Bronimir the Slasher (Centaur Warper)               Turns: 2635, Time: 00:03:55

Health: -2/42      AC:  5    Str: 13 (15) XL:     5   Next: 40%
Magic:  6/8        EV:  8    Int: 11 (12) God:    Kikubaaqudgha [......]
Gold:   111        SH:  2    Dex:  7 (8)  Spells: 4/8 levels left

rFire    . . .     SeeInvis .   a - +0 falchion
rCold    . . .     Gourm    .   r - +0 buckler
rNeg     . . .     Faith    .   u - +0 ring mail (curse)
rPois    .         Spirit   .   (no helmet)
rElec    .         Reflect  .   (no cloak)
rCorr    .         Harm     .   (no gloves)
MR       +....                  (no barding)
Stlth    ..........             s - amulet of rage
HPRegen  0.14/turn              i - ring of protection from magic
MPRegen  0.11/turn              p - ring of flight

@: very quick
A: large, hooves 3, deformed body, speed 2, tough skin 3
a: Renounce Religion, Evoke Berserk Rage, Evoke Flight


You were on level 6 of the Dungeon.
You worshipped Kikubaaqudgha.
Kikubaaqudgha was noncommittal.
You were very hungry.

You visited 1 branch of the dungeon, and saw 4 of its levels.

You collected 111 gold pieces.

Inventory:

Hand Weapons
 a - a +0 falchion (weapon)
Missiles
 e - 5 boomerangs of dispersal (quivered)
Armour
 b - a +0 leather armour
 r - a +0 buckler (worn)
 u - a cursed +0 ring mail (worn)
Jewellery
 i - a ring of protection from magic (left hand)
 p - a ring of flight (right hand)
 s - an amulet of rage (around neck)
Wands
 v - a wand of iceblast (8)
Scrolls
 d - 2 scrolls of blinking
 g - a scroll of teleportation {unknown}
 h - 4 scrolls of identify {unknown}
 m - 2 scrolls of remove curse {unknown}
 n - a scroll of immolation {unknown}
Potions
 j - a potion of invisibility {unknown}
 k - a potion of haste {unknown}
 l - a potion of lignification {unknown}
 q - 2 potions of flight {unknown}
 t - a potion of might {unknown}
Comestibles
 f - 6 rations


   Skills:
 + Level 2.4 Fighting
 * Level 3.7 Long Blades
 + Level 1.1 Throwing
 * Level 1.4 Armour
 + Level 2.1 Dodging
 * Level 2.0 Spellcasting
 * Level 3.0 Translocations


You had 4 spell levels left.
You knew the following spells:

 Your Spells              Type           Power        Failure   Level  Hunger
a - Blink                 Tloc           N/A          41%         2    ###....
b - Shroud of Golubria    Chrm/Tloc      #.....       63%         2    ###....

Your spell library contained the following spells:

 Spells                   Type           Power        Failure   Level  Hunger
 Gell's Gravitas          Tloc           #.........   65%         3    ####...
 Lesser Beckoning         Tloc           #.........   65%         3    ####...
 Teleport Other           Tloc           #.......     65%         3    ####...
 Passage of Golubria      Tloc           N/A          96%         4    #####..


Dungeon Overview and Level Annotations

Branches:
Dungeon (3/15)

Altars:
Ashenzari
Kikubaaqudgha


Innate Abilities, Weirdness & Mutations

You have hooves in place of feet.
Armour fits poorly on your strangely shaped body.
You cover ground very quickly.
You have extremely tough skin. (AC +3)


Message History

The centaur barely misses you.
You completely miss the centaur.
The centaur is heavily wounded.
The centaur hits you.
* * * LOW HITPOINT WARNING * * *
The centaur misses you.
You riposte.
You hit the centaur but do no damage. Your kick misses the centaur.
The centaur is heavily wounded.
Casting: Shroud of Golubria (safe; 56% risk of failure)
Confirm with . or Enter, or press ? or * to list all spells.
Space distorts slightly along a thin shroud covering your body.
The centaur hits you.
* * * LOW HITPOINT WARNING * * *
Your shroud falls apart!
It was a potion of degeneration.
There was something very wrong with that liquid.
You feel weakened.
You feel dopey.
You feel clumsy. The centaur hits you.
You die...
Kikubaaqudgha rasps: "You have failed me!
Welcome... death!"

#.#....# #.#....#
#.####.###..#
#...........#
######.###.##
.#####.###.##
.........##..##
..######(##^#.######
#...(@c......
####.....###.
#.#.#.# #......).
#.#.#..## #$....##
##.$.## #..##


You could see a centaur.

Vanquished Creatures
  2 vampire bats (D:2)
  An orc wizard (D:2)
  2 adders
  2 oozes
  2 dart slugs
  2 leopard geckos (D:1)
  2 orcs (D:2)
  2 ball pythons
  6 bats
  3 bat skeletons (D:2)
  2 bat zombies (D:2)
  A giant cockroach (D:1)
  6 hobgoblins
  3 jackals (D:1)
  2 frilled lizards
  6 goblins
  4 kobolds
48 creatures vanquished.

Notes
Turn   | Place    | Note
-------+----------+-------------------------------------------
     0 | D:1      | Bronimir the Centaur Warper began the quest for the Orb.
     0 | D:1      | Reached XP level 1. HP: 17/17 MP: 3/3
    30 | D:1      | Reached XP level 2. HP: 16/24 MP: 4/4
   434 | D:1      | Learned a level 2 spell: Blink
   437 | D:1      | Learned a level 2 spell: Shroud of Golubria
   822 | D:1      | Reached XP level 3. HP: 26/29 MP: 5/5
  1178 | D:2      | Found a shattered altar of Ashenzari.
  1223 | D:2      | Found an ancient bone altar of Kikubaaqudgha.
  1245 | D:2      | Reached skill level 1 in Armour
  1245 | D:2      | Reached XP level 4. HP: 22/37 MP: 6/6
  1655 | D:2      | Found a faded altar of an unknown god.
  1784 | D:2      | Reached XP level 5. HP: 24/42 MP: 7/7
  2470 | D:2      | Became a worshipper of Kikubaaqudgha
  2513 | D:3      | You fall into a shaft and drop 3 floors!
  2624 | D:6      | Noticed a centaur
  2635 | D:6      | Slain by a centaur

Levels and vault maps discovered:
D:1:      minmay_arrival_split_and_join, layout_loops_ring
D:2:      layout_basic, nicolae_overflow_crystal_walls,
          kennysheep_vampire_church, chequers_ecumenical_altar_lobes,
          serial_bayou_pond_c
D:3:      layout_basic, minitemple
D:6:      layout_loops_ring, lemuel_round_altar, serial_shops, shop, shop,
          kennysheep_little_box, serial_glass, glass_columns_a, glass_columns_a

Skill      XL: |  1  2  3  4  5 |
---------------+----------------+-----
Long Blades    | 2 3 |  3.7
Armour         | 1 |  1.4
Translocations | 3 |  3.0
Dodging        | 2 |  2.1
Spellcasting   | 2 |  2.0
Fighting       | |  2.4
Throwing       | |  1.1

Action                   |  1- 3 |  4- 6 || total
-------------------------+-------+-------++-------
Melee: Falchion          |    93 |    51 ||   144
       Kick              |    16 |    10 ||    26
 Cast: Shroud of Golubri |     2 |     1 ||     3
  Use: Potion            |       |     1 ||     1
  Eat: Chunk             |       |     3 ||     3
Armor: Leather armour    |    26 |       ||    26
       Ring mail         |    40 |    27 ||    67
Dodge: Dodged            |    70 |    31 ||   101
Block: Buckler           |       |     3 ||     3
       Rpst.: Falchion   |    23 |    10 ||    33
